 Seeded DCSS version 0.29-a0-925-g0a7a3d12f8 (webtiles) character file.

Game seed: 1 (custom seed)

3383 Kazon the Cudgeller (level 10, -3/61 HPs)
             Began as a Gargoyle Fighter on July 28, 2022.
             Was an Initiate of Makhleb.
             Slain by a killer bee (7 damage)
             ... on level 8 of the Dungeon.
             The game lasted 00:32:49 (7783 turns).

Kazon the Cudgeller (Gargoyle Fighter)              Turns: 7783, Time: 00:32:50

Health: -3/61      AC: 21    Str: 27    XL:     10   Next: 4%
Magic:  10/11      EV:  7    Int: 10    God:    Makhleb [......]
Gold:   346        SH:  5    Dex: 11    Spells: 9/9 levels left

rFire   . . .      SeeInvis +   e - +2 short sword (venom)
rCold   . . .      Faith    .   c - +0 buckler
rNeg    + . .      Spirit   .   m - +0 plate armour
rPois   ∞          Reflect  .   N - +0 helmet
rElec   +          Harm     .   (no cloak)
rCorr   .          Rampage  .   (no gloves)
Will    .....                   (no boots)
Stlth   ..........              (no amulet)
HPRegen 0.20/turn               x - ring of see invisible
MPRegen 0.12/turn               j - +6 ring of strength

@: no status effects
A: sickness immunity, AC +7, negative energy resistance 1, electricity
resistance, torment resistance 1, petrification resistance
a: Renounce Religion


You were on level 8 of the Dungeon.
You worshipped Makhleb.
Makhleb was noncommittal.
You visited 2 branches of the dungeon, and saw 9 of its levels.

You collected 346 gold pieces.

Inventory:

Hand Weapons
 e - a +2 short sword of venom (weapon)
 h - a +1 falchion of holy wrath
 k - a +1 vorpal flail
 r - a +2 trident of venom
Missiles
 o - 13 stones
 p - 8 boomerangs
 t - 37 poisoned darts (quivered)
 J - 8 curare-tipped darts
Armour
 c - a +0 buckler (worn)
 m - a +0 plate armour (worn)
 N - a +0 helmet (worn)
Jewellery
 b - a ring of positive energy
 i - a ring of ice
 j - a +6 ring of strength (right hand)
 x - a ring of see invisible (left hand)
Wands
 A - a wand of flame (22)
 D - a wand of paralysis (31)
Scrolls
 l - a scroll of torment {unknown}
 n - 2 scrolls of blinking
 s - a scroll of enchant weapon {unknown}
 w - 2 scrolls of poison
 y - 2 scrolls of noise {unknown}
 F - a scroll of immolation {unknown}
 G - 2 scrolls of teleportation {unknown}
 H - a scroll of vulnerability {unknown}
 K - a scroll of silence {unknown}
 L - a scroll of magic mapping
 M - a scroll of identify
Potions
 a - a potion of brilliance
 d - 2 potions of might
 f - 3 potions of degeneration {unknown}
 g - 9 potions of curing
 q - a potion of berserk rage
 u - a potion of invisibility
 v - 3 potions of flight
 z - 4 potions of haste
 B - 3 potions of cancellation {unknown}
 C - a potion of heal wounds
 E - a potion of resistance {unknown}
 I - a potion of mutation {unknown}


   Skills:
 + Level 6.3 Fighting
 + Level 2.5 Short Blades
 + Level 7.9 Maces & Flails
 + Level 1.3 Polearms
 + Level 3.5 Throwing
 + Level 6.6 Armour
 + Level 1.4 Dodging
 + Level 0.4 Stealth
 + Level 5.7 Shields
 * Level 1.8 Invocations
 * Level 4.1 Evocations


You had 9 spell levels left.
You didn't know any spells.
Your spell library contained the following spells:

 Spells                   Type           Power      Damage    Failure   Level
 Apportation              Tloc           0%         N/A       99%         1
 Magic Dart               Conj           0%         1d3       99%         1
 Necrotise                Necr           0%         1d4       99%         1
 Summon Small Mammal      Summ           0%         N/A       99%         1
 Searing Ray              Conj           0%         2d4       100%        2
 Fulminant Prism          Conj/Hex       0%         3d6       100%        4
 Summon Lightning Spire   Summ/Air       0%         N/A       100%        4
 Storm Form               Tmut/Air       0%         N/A       100%        7
 Maxwell's Capacitive Co  Air            0%         ∞         100%        8


Dungeon Overview and Level Annotations

Branches:
Dungeon (8/15)             Temple (1/1) D:7
   Lair: D:8-11

Altars:
Ashenzari
Elyvilon
Gozag
Hepliaklqana
Makhleb
Okawaru
Qazlal
Uskayaw

Shops:
D:2 [   D:3 :

Annotations:
D:8 Maggie, Pikel


Innate Abilities, Weirdness & Mutations

You are immune to sickness and miasma.
Your stone body is resilient. (AC +7)
You are immune to poison.
You resist negative energy. (rN+)
You are resistant to electric shocks. (rElec)
You are resistant to unholy torment.
You are immune to petrification.


Message History

The killer bee is poisoned.
You block the killer bee's attack. The killer bee stings you.
* * * LOW HITPOINT WARNING * * *
You miss the killer bee.
The killer bee is lightly wounded.
The killer bee barely misses you. The killer bee stings you.
* * * LOW HITPOINT WARNING * * *
You miss the killer bee.
The killer bee is moderately wounded.
You block the killer bee's attack.
The killer bee stings you but does no damage.
You miss the killer bee.
The killer bee is heavily wounded.
The killer bee stings you but does no damage. x2
You hit the killer bee.
The killer bee looks as sick as possible!
The killer bee is almost dead.
You kill the killer bee!
Makhleb accepts your kill.
Okay, then.
You climb downwards.
You hear the roar of battle.
There is an entrance to a bailey on this level.
Hurry and find it before the portal closes forever!
Level annotation: Maggie, Pikel You hear the creaking of a very distant portcullis.
You block the killer bee's attack.
The killer bee stings you but does no damage.
You block the killer bee's attack.
The killer bee stings you but does no damage. x2
The orc closely misses you. You block the killer bee's attack.
The killer bee stings you but does no damage.
The orc barely misses you. The killer bee stings you.
* * * LOW HITPOINT WARNING * * *
There is a stone staircase leading up here.
The killer bee stings you!
* * * LOW HITPOINT WARNING * * *
The killer bee barely misses you.
The killer bee stings you but does no damage.
You block the killer bee's attack. The killer bee stings you!
You die...

#.## ...###
.....## #.....
##. ##...# #..#
#...# ...####y.#
#...#@y.#
#..o.y##
##....####...
.######........#
...............#
.........####..#
...#######..# .#
.. ....# #..# #
..# #...# #..#


You could see 3 killer bees and an orc (poisoned).

Vanquished Creatures
  The ghost of dang3rdave the Cutter, a novice GrTm of Gozag (D:5)
  Duvessa (D:5)
  A sky beast (D:7)
  3 ice beasts
  2 black bears (D:6)
  2 ogres
  A centaur (D:5)
  3 kobold brigands
  2 bullfrogs (D:7)
  A scorpion (D:6)
  3 necrophages
  4 wights (D:6)
  Dowan (D:5)
  13 killer bees
  3 howler monkeys (D:7)
  3 jellies
  3 orc priests
  2 hounds (D:6)
  Terence (D:2)
  4 iguanas
  An orc wizard (D:4)
  9 gnolls
  11 adders
  A shadow imp (D:6)
  3 white imps (D:6)
  4 worms
  3 dart slugs
  23 orcs
  8 ball pythons
  6 endoplasms
  4 giant cockroaches
  8 goblins
  3 hobgoblins
  18 kobolds
  3 quokkas
  8 bats
  5 rats
172 creatures vanquished.

Vanquished Creatures (others)
  3 fungi (D:5)
  A plant (D:5)
4 creatures vanquished.

Grand Total: 176 creatures vanquished

Notes
Turn   | Place    | Note
-------+----------+-------------------------------------------
     0 | D:1      | Kazon the Gargoyle Fighter began the quest for the Orb.
     0 | D:1      | Reached XP level 1. HP: 14/14 MP: 1/1
   109 | D:1      | Reached XP level 2. HP: 18/19 MP: 2/2
   474 | D:1      | Reached XP level 3. HP: 22/23 MP: 3/3
   681 | D:1      | Found a faded altar of an unknown god.
  1015 | D:2      | Noticed Terence
  1021 | D:2      | Killed Terence
  1022 | D:2      | Reached skill level 3 in Maces & Flails
  1022 | D:2      | Reached XP level 4. HP: 28/29 MP: 4/4
  1214 | D:2      | Found Bailloare's Armour Boutique.
  1991 | D:3      | Reached XP level 5. HP: 33/33 MP: 5/5
  2147 | D:3      | Reached skill level 4 in Maces & Flails
  2287 | D:3      | Found Gonify's Book Shop.
  2303 | D:3      | You fall into a shaft and drop 2 floors!
  2303 | D:5      | Entered Level 5 of the Dungeon
  2307 | D:5      | Noticed Duvessa
  2307 | D:5      | Noticed Dowan
  2320 | D:5      | Killed Duvessa
  2321 | D:5      | Reached XP level 6. HP: 25/38 MP: 6/6
  2325 | D:5      | Reached skill level 5 in Maces & Flails
  2331 | D:5      | Killed Dowan
  2771 | D:4      | Reached XP level 7. HP: 23/43 MP: 7/7
  3789 | D:4      | Found a hazy altar of Hepliaklqana.
  4089 | D:5      | Found a runed translucent gate.
  4090 | D:5      | Found a runed translucent gate.
  4091 | D:5      | Found a runed translucent gate.
  4091 | D:5      | Noticed dang3rdave's ghost (novice GrTm)
  4119 | D:5      | Reached skill level 1 in Throwing
  4310 | D:5      | Reached skill level 6 in Maces & Flails
  4599 | D:5      | Killed dang3rdave's ghost
  4600 | D:5      | Reached skill level 5 in Fighting
  4600 | D:5      | Reached skill level 5 in Armour
  4600 | D:5      | Reached skill level 1 in Evocations
  4600 | D:5      | Reached XP level 8. HP: 46/49 MP: 8/8
  5138 | D:6      | Reached skill level 7 in Maces & Flails
  5198 | D:6      | Reached skill level 1 in Dodging
  5198 | D:6      | Reached skill level 5 in Shields
  5457 | D:6      | Reached XP level 9. HP: 54/54 MP: 9/9
  5951 | D:6      | Reached skill level 1 in Short Blades
  6974 | D:7      | Found a staircase to the Ecumenical Temple.
  6987 | Temple   | Entered the Ecumenical Temple
  6992 | Temple   | Became a worshipper of Makhleb the Destroyer
  7085 | D:7      | Reached skill level 1 in Invocations
  7348 | D:7      | Found a white marble altar of Elyvilon.
  7371 | D:7      | Found a hide-covered altar of Uskayaw.
  7386 | D:7      | Reached skill level 1 in Polearms
  7573 | D:8      | Noticed Pikel
  7573 | D:8      | Noticed Maggie
  7770 | D:8      | Reached XP level 10. HP: 12/61 MP: 10/10
  7783 | D:8      | Slain by a killer bee

Illustrated notes

Levels and vault maps discovered:
D:1:      dpeg_arrival_three_smaller_balls, layout_basic,
          shapermc_ecumenical_altar_mp_urbaneastern, minmay_tetromino_t4
D:2:      layout_basic, serial_shops, shop_fountains, uniq_terence
D:3:      layout_loops_ring, serial_shops, nicolae_shop_window_shopping,
          dk_noncrumbling_3, dk_noncrumbling_4
D:4:      layout_cave_pools, kennysheep_mini
D:5:      layout_loops_ring, gammafunk_ghost_nasty_kobolds, uniq_duvessa
D:6:      minmay_chambers_of_threes, layout_basic, nrook_mini_backslash
D:7:      layout_basic, nicolae_uskayaw_murder_on_the_dancefloor,
          lemuel_tele_altar, minmay_temple_entry_drinking_statues
D:8:      layout_layer_cave, enter_bailey_1, hangedman_decor_clover_reticule,
          uniq_pikel, uniq_maggie
Temple:   nicolae_temple_bog_church

Skill      XL: |  1  2  3  4  5  6  7  8  9 |
---------------+----------------------------+-----
Maces & Flails | 3 4 5 6 7 |  7.9
Armour         | 4 5 6 |  6.6
Fighting       | 4 5 6 |  6.3
Shields        | 4 5 |  5.7
Throwing       | 1 3 |  3.5
Evocations     | 1 2 4 |  4.1
Dodging        | 1 |  1.4
Short Blades   | 2 |  2.5
Invocations    | 1 |  1.8
Polearms       | 1 |  1.3
Stealth        | |  0.4

Action                   |  1- 3 |  4- 6 |  7- 9 | 10-12 || total
-------------------------+-------+-------+-------+-------++-------
Melee: Flail             |    70 |   134 |   216 |       ||   420
       Short sword       |       |       |   191 |     7 ||   198
       Trident           |       |       |    32 |       ||    32
Throw: Boomerang         |     2 |     5 |    15 |       ||    22
       Dart              |     2 |     1 |    56 |       ||    59
       Stone             |       |    10 |    48 |       ||    58
  Use: Scroll            |     1 |     2 |     6 |       ||     9
       Potion            |       |     1 |       |     1 ||     2
Armor: Scale mail        |    23 |       |       |       ||    23
       Plate armour      |    22 |   103 |   325 |    15 ||   465
Dodge: Dodged            |    32 |    30 |   152 |     9 ||   223
Block: Buckler           |    12 |    33 |   102 |     9 ||   156

Table legend: (Time is in decaauts)
 A = Elapsed time spent in this place.
 B = Non-inter-level travel time spent in this place.
 C = Inter-level travel time spent in this place.
 D = Time resting spent in this place.
 E = Time spent auto-exploring this place.
 F = Levels seen in this place.
 G = Mean time per level.
                   A        B        C        D        E       F      G
               +--------+--------+--------+--------+--------+-----+--------+
         Total |   7889 |   7638 |    251 |    561 |   3358 |   9 |  876.6 |
       Dungeon |   7878 |   7632 |    246 |    561 |   3358 |   8 |  984.8 |
        Temple |     10 |      5 |      5 |      0 |      0 |   1 |   10.0 |
               +--------+--------+--------+--------+--------+-----+--------+

Top non-repeatable levels by time:
     D:6: 1522 daAuts
     D:5: 1411 daAuts
     D:3: 1162 daAuts
     D:2: 1065 daAuts
     D:7: 1005 daAuts
     D:1: 869 daAuts
     D:4: 669 daAuts
     D:8: 171 daAuts
  Temple: 10 daAuts
